Map: Ulrena

Players

LilDicky

  • Race: Terran Terran
  • League: Diamond

Flash - Winner!

  • Race: Zerg Zerg
  • League: Diamond

VOD

http://www.twitch.tv/tumescentpie

Description

Time

  • Played on: Dec. 11, 2015, 1:29 a.m.
  • Length: 19:01
Show
View Real Time Build Order
Export as new Build Order

LilDicky Terran 

Build Orders: Reaper Expand 

Get SALT Encoding   

  12  0:02  SCV  
  13  0:14  SCV  
  13  0:18  Supply Depot  
  14  0:26  SCV  
  15  0:31  Refinery  
  15  0:40  SCV  
  16  0:45  Barracks  
  16  0:52  SCV  
  18  1:04  SCV  
  18  1:16  SCV  
  19  1:32  Orbital Command  
  19  1:33  Reaper  
  20  1:45  Command Center  
  20  1:52  Refinery  
  20  1:59  Supply Depot  
  20  2:01  SCV  
  21  2:12  Marine  
  21  2:15  SCV  
  23  2:25  Factory  
  23  2:27  SCV  
  24  2:51  Marine  
  24  2:52  SCV  
  26  2:58  Orbital Command  
  26  3:01  Bunker  
  26  3:04  SCV  
  27  3:10  Armory  
  27  3:12  Factory Tech Lab, Starport  
  27  3:16  SCV  
  28  3:25  SCV  
  29  3:28  SCV  
  29  3:33  Refinery  
  29  3:34  Marine  
  31  3:37  SCV  
  31  3:39  Siege Tank  
  31  3:40  SCV  
  36  3:49  Medivac  
  36  3:51  SCV  
  36  3:53  SCV  
  39  4:03  SCV  
  39  4:05  SCV  
  41  4:11  Liberator  
  41  4:15  Supply Depot, SCV  
  42  4:17  SCV  
  43  4:30  Thor, SCV  
  43  4:31  Marine  
  54  4:36  SCV  
  55  4:42  SCV  
  55  4:44  Supply Depot  
  56  4:45  Supply Depot  
  56  4:49  SCV  
  57  4:54  SCV  
  57  4:58  Supply Depot  
  57  4:59  Marine  
  59  5:01  SCV  
  59  5:06  SCV  
  61  5:09  Refinery  
  61  5:13  SCV  
  62  5:18  SCV  
  63  5:25  SCV  
  63  5:27  Supply Depot  
  64  5:31  SCV  
  65  6:02  Liberator  
  65  6:11  Thor  
  71  6:23  Command Center  
  68  6:35  Supply Depot  
  68  6:50  SCV  
  68  6:53  SCV  
  70  7:02  Medivac  
  72  7:15  Liberator  
  72  7:30  Thor  
  72  7:33  SCV  
  79  7:37  Orbital Command  
  79  7:45  SCV  
  79  7:48  Command Center  
  79  7:49  Barracks x2  
  79  7:50  Barracks x2  
  80  7:51  Barracks x2  
  80  7:54  Barracks x2  
  80  7:57  Engineering Bay, Barracks  
  80  7:59  Engineering Bay  
  80  8:01  Barracks Tech Lab  
  80  8:09  Liberator  
  69  8:23  Stimpack, Marine  
  73  8:27  Thor  
  73  8:29  SCV x2  
  73  8:32  Missile Turret  
  76  8:34  Missile Turret  
  76  8:37  Missile Turret  
  76  8:41  Terran Infantry Weapons Level 1, Terran Infantry Armor Level 1, Marine  
  76  8:42  Marine x4  
  76  8:43  Missile Turret, Marine x3  
  76  8:46  Barracks Reactor  
  84  8:50  Missile Turret x2  
  84  8:52  Marine, Liberator  
  84  8:54  Missile Turret  
  85  8:56  Missile Turret  
  85  8:58  Supply Depot  
  85  8:59  Marine  
  85  9:00  Marine x6  
  85  9:01  Marine  
  96  9:10  Thor  
  96  9:13  Planetary Fortress  
  96  9:15  SCV x2  
  104  9:17  Marine  
  105  9:27  SCV  
  105  9:30  Marine x7  
  113  9:34  Supply Depot, Barracks Reactor  
  113  9:35  Barracks Reactor, Liberator, Marine  
  113  9:36  Orbital Command  
  113  9:37  SCV  
  115  9:39  SCV  
  115  9:42  Supply Depot  
  115  9:44  Missile Turret x2  
  116  9:45  Marine  
  116  9:47  Marine  
  116  9:48  Marine x5  
  116  9:49  Supply Depot  
  126  9:53  Marine x2  
  128  10:13  Marine  
  128  10:14  Marine  
  102  10:15  Marine x5  
  102  10:16  Marine x4  
  102  10:17  Marine  
  114  10:23  Barracks Reactor  
  113  10:31  Marine  
  113  10:32  Marine  
  113  10:33  Marine x5  
  113  10:34  Marine x2  
  113  10:35  Marine  
  124  10:37  Command Center, Missile Turret  
  124  10:40  Missile Turret  
  124  10:42  Missile Turret  
  125  10:43  Missile Turret  
  125  10:49  Marine x2  
  124  10:51  Terran Infantry Armor Level 2, Terran Infantry Weapons Level 2, Marine x5  
  124  10:53  Barracks Reactor  
  130  10:59  Marine x3  
  130  11:00  Marine x2  
  135  11:04  Medivac  
  135  11:06  Medivac  
  135  11:08  Supply Depot  
  135  11:10  SCV x2  
  141  11:13  Supply Depot  
  141  11:17  SCV  
  142  11:19  SCV  
  142  11:20  Marine x2  
  145  11:29  SCV  
  145  11:32  Marine x2  
  148  11:33  Marauder  
  148  11:35  Thor  
  148  11:36  Marine x2  
  148  11:38  Medivac x2  
  162  11:41  SCV  
  163  11:53  SCV  
  164  11:54  Marauder  
  166  12:05  SCV  
  162  12:10  Marine  
  162  12:12  Combat Shields  
  162  12:14  Barracks Reactor x2, Marine x2  
  162  12:15  Marine x2  
  167  12:16  Marauder  
  167  12:21  Supply Depot  
  169  12:25  Refinery  
  169  12:26  Refinery  
  167  12:37  Marauder  
  167  12:43  Supply Depot  
  169  12:45  Missile Turret x2  
  169  12:51  Supply Depot, Missile Turret, Planetary Fortress  
  169  12:52  Missile Turret  
  169  12:53  Missile Turret  
  169  12:54  Missile Turret  
  169  12:55  Supply Depot, Missile Turret  
  169  12:57  Supply Depot  
  169  13:00  Missile Turret  
  156  13:24  Marine x2  
  156  13:25  Marauder  
  160  13:30  Refinery x2  
  160  13:36  Missile Turret  
  160  13:37  Supply Depot  
  160  13:44  Missile Turret  
  160  13:47  Marauder  
  129  14:08  Marine  
  129  14:09  Marine x10  
  98  14:10  Marauder  
  89  14:18  Marine  
  89  14:19  Marine x3  
  82  14:26  Marine  
  82  14:27  Marine x9  
  82  14:28  Marine  
  89  14:31  Marauder  
  89  14:36  Marine x4  
  86  14:38  Siege Tank  
  86  14:40  Medivac x2  
  86  14:44  Marine x8  
  86  14:45  Marine x2  
  103  14:46  Marine  
  106  14:52  Marauder  
  106  14:54  Terran Infantry Weapons Level 3, Terran Infantry Armor Level 3, Marine x4  
  106  14:56  Terran Vehicle And Ship Armor Level 1  
  110  15:02  Marine x9  
  110  15:05  Marine x2  
  121  15:11  Marine  
  121  15:12  Marine x2  
  121  15:14  Marauder  
  124  15:18  Marine  
  124  15:19  Marine  
  124  15:20  Marine  
  109  15:34  Marine  
  109  15:35  Marauder, Marine x8  
  106  15:51  Marine  
  106  15:52  Marine x8  
  106  15:53  Marine x3  
  106  15:57  Marauder  
  94  16:10  Liberator x2  
  94  16:12  Marine x2  
  94  16:18  Marauder  
  98  16:24  Marine x2  
  106  16:39  Marauder  
  90  16:41  Marine  
  90  16:42  Marine x7  
  96  16:54  Marine x5  
  96  17:01  Marauder  
  95  17:14  Medivac x2  
  95  17:22  Marauder  
  66  17:42  Marine x2  
  66  17:43  Marauder  
  36  17:44  Marine x2  
  36  17:45  Marine x2  
  35  17:54  Marine x4  
  35  17:55  Marine x2  
  41  18:04  Marine  
  41  18:05  Marauder, Marine x3  
  47  18:06  Marine  
  47  18:07  Marine  
  43  18:23  Marine  
  43  18:26  Marauder  
Show
View Real Time Build Order
Export as new Build Order

Flash Zerg - Winner!

Build Orders: Hatch First, Muta Ling Bane 

Get SALT Encoding   

  12  0:01  Drone  
  13  0:08  Drone  
  14  0:17  Overlord  
  14  0:24  Drone, Extractor  
  15  0:47  Hatchery  
  14  0:50  Drone  
  15  0:57  Extractor  
  14  1:09  Spawning Pool  
  13  1:12  Drone  
  13  1:16  Drone  
  15  1:20  Drone  
  16  1:34  Drone x2  
  18  1:49  Drone  
  19  2:00  Metabolic Boost  
  19  2:03  Queen  
  19  2:06  Queen  
  23  2:12  Zergling x2  
  24  2:23  Overlord  
  24  2:26  Drone x2  
  25  2:57  Drone x4  
  29  3:07  Overlord  
  29  3:09  Hatchery  
  28  3:17  Drone x2  
  28  3:18  Drone  
  31  3:33  Baneling Nest  
  30  3:35  Zergling x12  
  36  3:48  Overlord  
  36  4:04  Zergling x2  
  36  4:05  Zergling x12  
  43  4:11  Lair  
  43  4:23  Drone x9  
  49  4:29  Extractor  
  48  4:33  Queen  
  48  4:35  Overlord  
  50  4:42  Drone x3  
  53  5:04  Drone x6  
  53  5:05  Evolution Chamber, Drone x2  
  53  5:06  Evolution Chamber  
  59  5:11  Centrifical Hooks  
  59  5:20  Baneling x2  
  59  5:24  Overseer  
  59  5:31  Extractor  
  59  5:33  Extractor  
  59  5:35  Zerg Melee Weapons Level 1  
  57  5:42  Queen  
  52  5:58  Zergling x6  
  52  5:59  Zergling x18  
  57  6:24  Queen  
  57  6:25  Queen  
  55  6:30  Spire  
  54  6:37  Extractor  
  54  6:38  Extractor  
  52  6:43  Zergling x6  
  52  6:44  Zergling x12  
  58  7:12  Queen  
  54  7:27  Drone x2  
  54  7:28  Drone x5  
  61  7:39  Queen  
  63  7:45  Baneling x2  
  63  7:46  Baneling  
  63  7:47  Hatchery, Mutalisk x2  
  63  7:49  Overlord  
  63  7:50  Overlord  
  62  8:21  Zergling x22  
  62  8:22  Zergling x4  
  75  8:30  Zerg Melee Weapons Level 2  
  75  8:31  Zerg Ground Armor Level 1  
  73  8:38  Drone  
  73  8:39  Drone x6  
  78  8:46  Overlord x2  
  78  8:52  Roach Warren  
  78  8:53  Hydralisk Den  
  78  8:54  Overlord x3  
  76  9:05  Queen  
  78  9:32  Baneling  
  78  9:33  Baneling x7  
  78  9:38  Drone x13  
  68  10:15  Hydralisk x5  
  68  10:16  Hydralisk x3, Roach x7  
  68  10:17  Roach  
  100  10:28  Zerg Missile Weapons Level 1  
  100  10:30  Roach x3  
  100  10:31  Roach  
  108  10:40  Glial Reconstitution  
  108  10:42  Muscular Augments  
  108  10:44  Ravager  
  108  10:45  Ravager x7  
  116  10:50  Hydralisk x2  
  116  10:51  Hydralisk, Roach x2  
  126  10:57  Drone x2  
  126  10:59  Overlord x2  
  128  11:11  Overlord  
  128  11:12  Overlord  
  128  11:18  Zerg Ground Armor Level 2  
  128  11:20  Infestation Pit  
  128  11:25  Overlord x3  
  127  11:28  Hydralisk x2, Roach  
  127  11:29  Roach  
  135  11:44  Extractor  
  135  11:45  Drone x4  
  135  11:46  Drone x2  
  135  11:47  Drone x4  
  144  11:57  Roach x7  
  156  12:17  Lurker Den  
  156  12:30  Hydralisk x5, Roach  
  156  12:31  Roach x4  
  156  12:33  Overlord x2  
  176  12:51  Zerg Missile Weapons Level 2  
  168  13:32  Hydralisk x4  
  168  13:33  Hatchery, Hydralisk x3, Roach x5, Infestation Pit  
  190  13:34  Roach  
  137  14:19  Hydralisk x2  
  137  14:20  Hydralisk x4, Roach x4  
  137  14:21  Hydralisk x5, Roach x5  
  137  14:22  Roach x3  
  183  14:41  Drone  
  183  14:42  Drone x5  
  176  15:36  Hatchery  
  176  15:37  Lair  
  170  15:47  Hatchery  
  169  15:51  Hatchery  
  169  15:55  Spawning Pool  
  169  15:56  Extractor  
  166  16:05  Mutalisk  
  166  16:06  Mutalisk x2  
  166  16:07  Mutalisk  
  166  16:08  Mutalisk x5  
  184  16:12  Zerg Flyer Weapons Level 1  
  184  16:20  Extractor x2  
  179  16:43  Lair  
  177  17:21  Queen  
  179  17:29  Zergling x20  
  193  17:30  Zergling x22  
  193  17:31  Zergling x4  
  153  17:52  Hydralisk x2  
  153  17:53  Hydralisk x4, Roach x4  
  153  17:54  Hydralisk, Roach x5  
  153  17:55  Roach  
  177  18:45  Extractor  
  177  18:46  Extractor  
Tags
 
Add a new tag
Caveats
  • Supply blocks, unpowered buildings, or Contaminate may cause inaccurate times.
  • Supply counts are checked every 10 seconds.